 Dungeon Crawl Stone Soup version 0.18.1-48-g4cf74bf (webtiles) character file.

1109 sudo the Carver (level 8, -2/81 HPs)
             Began as a High Elf Berserker on June 29, 2016.
             Was a Priest of Trog.
             Slain by an orc warrior
             ... wielding a +0 war axe
              (9 damage)
             ... on level 6 of the Dungeon.
             The game lasted 00:08:40 (4142 turns).

sudo the Carver (High Elf Berserker)                Turns: 4142, Time: 00:08:41

Health: -2/81      AC: 24    Str: 21    XL:     8   Next: 11%
Magic:  9/9        EV:  2    Int: 12    God:    Trog [***...]
Gold:   189        SH:  5    Dex: 14    Spells: 0 memorised, 7 levels left

rFire  . . .     SeeInvis .     a - +0 falchion
rCold  . . .     Gourm    .     (armour currently unavailable)
rNeg   + + +     Faith    .     f - +0 buckler
rPois  +         Spirit   .     (helmet currently unavailable)
rElec  .         Dismiss  .     (cloak currently unavailable)
rCorr  .         Reflect  .     (gloves currently unavailable)
SustAt .         Harm     .     (boots currently unavailable)
MR     .....     NoTele   +     d - amulet of regeneration
Stlth  +.........               y - +3 ring of strength
                                j - +2 ring of evasion

@: exhausted, tree-form, very slightly contaminated, hasted and slowed,
invisible, not resistant to hostile enchantments, very unstealthy
A: no striking features
a: Berserk, Trog's Hand, Burn Spellbooks, Renounce Religion


You were on level 6 of the Dungeon.
You worshipped Trog.
Trog was most pleased with you.
You were not hungry.
You were a tree.
You visited 1 branch of the dungeon, and saw 6 of its levels.

You collected 189 gold pieces.

Inventory:

Hand Weapons
 a - a +0 falchion (weapon)
Armour
 f - a +0 buckler (worn)
 g - a +2 leather armour of fire resistance (melded)
 l - a +0 pair of boots (melded)
Jewellery
 d - an amulet of regeneration (around neck)
 j - a +2 ring of evasion (left branch)
 q - an uncursed amulet of guardian spirit
 y - a +3 ring of strength (right branch)
 B - an uncursed ring of flight
 D - a cursed amulet of inaccuracy {unknown}
Wands
 u - a wand of lightning (7/15)
Scrolls
 e - 3 scrolls of remove curse
 h - 2 scrolls of immolation
 i - a scroll of teleportation
 m - 2 scrolls of fear {unknown}
 o - a scroll of fog
 p - a scroll of recharging {unknown}
 w - a scroll of random uselessness {unknown}
 x - a scroll of magic mapping {unknown}
 A - a scroll of amnesia {unknown}
Potions
 k - a potion of berserk rage
 s - 2 potions of flight
 t - a potion of degeneration
 v - a potion of cure mutation
Comestibles
 c - 8 bread rations
 n - 4 meat rations
 z - 4 fruits


   Skills:
 + Level 4.3 Fighting
 * Level 8.0 Long Blades
 + Level 2.9 Armour
 + Level 5.8 Dodging
 - Level 3.1 Shields


You had 7 spell levels left.
You didn't know any spells.

Dungeon Overview and Level Annotations

Branches:
Dungeon (6/15)             Temple (0/1) D:5

Altars:
Cheibriados
Dithmenos
Fedhas
Gozag
Pakellas
Trog
Yredelemnul
The Shining One


Message History

Things that are here:
a club; an orc corpse You feel a strong urge to attack something.
You feel your anger subside.
You are no longer berserk.
You are exhausted.
You feel yourself slow down.
Drink which item? (? for menu, Esc to quit)
It was a potion of invisibility.
You fade into invisibility!
The orc warrior closely misses you.
You are very lightly contaminated with residual magic.
Drink which item? (? for menu, Esc to quit)
It was a potion of haste.
You feel yourself speed up.
Drink which item? (? for menu, Esc to quit)
It was a potion of lignification.
You turn into a tree.
Your +0 pair of boots melds into your body.
Your +2 leather armour of fire resistance melds into your body.
You feel less resistant to fire.
Your roots penetrate the ground.
The orc warrior hits you with a war axe!
You die...

#.##........##...##.#
##
#.#########.##...##.#
#. #.# #.......>.# #.
#.# ##.......## #.
#.# #.......# #.
#.######## ###....##
#. #....)...# #.<..#
#. ########.# ####.#
#. #####♣# #.# #.
#.).oo# #.# #.
#)###.# #.# ####. #.#
### #.# #.... #o#
#.###.### #.# #.....#
#.# ####### #.#
########### #.#
#.........######


You could see an orc warrior and an orc priest.

Vanquished Creatures
  A two-headed ogre (D:6)
  The ghost of asdu the Skirmisher, an amateur HOAs (D:5)
  2 ogres (D:5)
  3 giant frogs
  A howler monkey (D:4)
  A crimson imp (D:5)
  2 jellies (D:5)
  An orc priest (D:6)
  A hound (D:4)
  An iguana (D:5)
  Ijyb (D:3)
  A worker ant (D:5)
  14 adders
  A shadow imp (D:6)
  An ooze (D:3)
  An adder skeleton (D:4)
  A worm (D:5)
  A giant gecko (D:2)
  10 orcs
  A ball python (D:2)
  7 bats
  2 giant cockroaches
  6 goblins
  10 hobgoblins
  2 quokkas (D:4)
  8 giant newts
  5 kobolds
  6 rats
92 creatures vanquished.

Notes
Turn   | Place    | Note
--------------------------------------------------------------
     0 | D:1      | sudo the High Elf Berserker began the quest for the Orb.
     0 | D:1      | Reached XP level 1. HP: 16/16 MP: 2/2
   262 | D:1      | Reached skill level 4 in Long Blades
   294 | D:1      | Reached XP level 2. HP: 21/21 MP: 3/3
   609 | D:2      | Reached ** piety under Trog
   609 | D:2      | Reached skill level 1 in Shields
   711 | D:2      | Found a blossoming altar of Fedhas.
   782 | D:2      | Reached XP level 3. HP: 26/26 MP: 4/4
   905 | D:2      | Found a faded altar to an unknown god.
   974 | D:2      | Reached XP level 4. HP: 28/31 MP: 5/5
  1224 | D:3      | Found a glowing golden altar of the Shining One.
  1280 | D:3      | Found a snail-covered altar of Cheibriados.
  1396 | D:3      | Found a shadowy altar of Dithmenos.
  1643 | D:3      | Found a bloodstained altar of Trog.
  1708 | D:3      | Noticed Ijyb
  1725 | D:3      | Killed Ijyb
  1725 | D:3      | Reached XP level 5. HP: 30/36 MP: 6/6
  1919 | D:3      | Found an oddly glowing altar of Pakellas.
  2133 | D:4      | Reached skill level 5 in Long Blades
  2364 | D:4      | Reached XP level 6. HP: 42/42 MP: 7/7
  2442 | D:4      | Reached *** piety under Trog
  2786 | D:5      | Entered Level 5 of the Dungeon
  2840 | D:5      | Noticed asdu's ghost (amateur HOAs)
  2865 | D:5      | Killed asdu's ghost
  2990 | D:5      | Reached skill level 6 in Long Blades
  2990 | D:5      | Reached XP level 7. HP: 47/47 MP: 8/8
  3211 | D:5      | Found a staircase to the Ecumenical Temple.
  3264 | D:5      | Reached skill level 5 in Dodging
  3616 | D:5      | Found an opulent altar of Gozag.
  3646 | D:6      | Reached skill level 7 in Long Blades
  3676 | D:6      | Found a basalt altar of Yredelemnul.
  3787 | D:6      | Noticed a two-headed ogre
  3793 | D:6      | Killed a two-headed ogre
  3793 | D:6      | Reached XP level 8. HP: 54/54 MP: 9/9
  4104 | D:6      | Reached skill level 8 in Long Blades
  4134 | D:6      | HP: 2/81 [orc priest/divine providence (12)]
  4142 | D:6      | Slain by an orc warrior

Skill      XL: |  1  2  3  4  5  6  7  8 |
---------------+-------------------------+-----
Long Blades    | 4 5 6 7 8 |  8.0
Shields        | 1 2 3 |  3.1
Dodging        | 3 4 5 |  5.8
Armour         | 2 |  2.9
Fighting       | 4 |  4.3

Action                   |  1- 3 |  4- 6 |  7- 9 || total
-------------------------+-------+-------+-------++-------
Melee: Falchion          |   106 |   239 |    82 ||   427
Invok: Berserk           |     2 |     3 |     3 ||     8
  Use: Scroll            |       |     7 |     2 ||     9
       Potion            |       |       |     3 ||     3
 Stab: Sleeping          |     1 |     2 |       ||     3
       Distracted        |       |       |     1 ||     1
  Eat: Chunk             |     3 |     8 |     3 ||    14
       Pizza             |       |       |     1 ||     1
       Beef jerky        |       |       |     1 ||     1
       Bread ration      |       |       |     1 ||     1
Armor: Animal skin       |    32 |    10 |       ||    42
       Leather armour    |       |    27 |     8 ||    35
       Scale mail        |       |     5 |       ||     5
Dodge: Dodged            |    85 |   138 |    43 ||   266
Block: Buckler           |    17 |    47 |    15 ||    79
